 Dungeon Crawl Stone Soup version 0.30.1-3-gfc49f6343a (webtiles) character file.

Game seed: 5905898488958365396

119 GeoRichter the Chiller (level 4, -3/30 HPs)
             Began as a Demonspawn Ice Elementalist on Aug 8, 2023.
             Slain by a gnoll
             ... wielding a +0 club
              (6 damage)
             ... on level 3 of the Dungeon.
             The game lasted 00:04:14 (2177 turns).

GeoRichter the Chiller (DsIE)                       Turns: 2177, Time: 00:04:15

Health: -3/30      AC:  2    Str:  8    XL:     4   Next: 73%
Magic:  0/7        EV: 12    Int: 19    God:
Gold:   123        SH:  0    Dex: 13    Spells: 0/7 levels left

rFire   . . .        b - +0 dagger
rCold   . . .        (no shield)
rNeg    . . .        a - +0 robe
rPois   .            (no helmet)
rElec   .            (no cloak)
rCorr   .            (no gloves)
SInv    .            (no boots)
Will    .....        (no amulet)
Stlth   ++           (no ring)
HPRegen 0.25/turn    (no ring)
MPRegen 0.10/turn

%: no passive effects
@: lethally poisoned (-3 -> -9)
A: sturdy frame 1, demonic magic 2
a: no special abilities


You were on level 3 of the Dungeon.
You visited 1 branch of the dungeon, and saw 3 of its levels.

You collected 123 gold pieces.

Inventory:

Hand Weapons
 b - a +0 dagger (weapon)
   (You took it off a goblin on level 1 of the Dungeon)
Armour
 a - a +0 robe (worn)
 n - a +0 helmet
   (You took it off Robin on level 2 of the Dungeon)
Scrolls
 c - a scroll of immolation {unknown}
 d - a scroll of noise {!r}
 g - a scroll of amnesia
 j - a scroll of fog {unknown}
 m - a scroll of silence {unknown}
Potions
 f - a potion of mutation {unknown}
 i - a potion of haste {unknown}
 k - a potion of resistance


   Skills:
 - Level 1.7 Dodging
 - Level 1.7 Stealth
 - Level 2.0 Spellcasting
 * Level 5.6 Ice Magic


You couldn't memorise any spells.
You knew the following spells:

 Your Spells              Type           Power      Damage    Failure   Level
a - Freeze                Ice            92%        1d9       1%          1
b - Frozen Ramparts       Ice            46%        1d7       4%          3
c - Ozocubu's Armour      Ice            23%        N/A       4%          3

Your spell library contained the following spells:

 Spells                   Type           Power      Damage    Failure   Level
 Sandblast                Erth           2%         2d4       17%         1
 Passwall                 Tmut/Erth      0%         N/A       26%         2
 Sublimation of Blood     Necr           1%         N/A       26%         2
 Stone Arrow              Conj/Erth      2%         3d7       45%         3
 Summon Ice Beast         Ice/Summ       12%        N/A       47%         4
 Petrify                  Tmut/Erth      1%         N/A       86%         4
 Irradiate                Conj/Tmut      0%         3d11      99%         5


Dungeon Overview and Level Annotations

Branches:
Dungeon (3/15) Zot: 15822

Altars:

Shops:
D:1 (

Annotations:
D:2 1 runed translucent door, Crazy Yiuf


Innate Abilities, Weirdness & Mutations

Your movements are slightly less encumbered by armour. (ER -2)
Spells you cast may paralyse nearby enemies.


Message History

You feel very sick. The gnoll misses you.
You see here a +0 whip.
The helpless gnoll fails to defend itself.
You hit the gnoll.
The gnoll is severely wounded.
You feel sick.
The gnoll is no longer paralysed.
The gnoll completely misses you.
The gnoll hits you with a +2 spear of venom.
You are more poisoned.
Aiming: Freeze (safe; 1% risk of failure)
Press: ? - help, Q - select action, (/) - cycle Shift-Dir - straight line, f - gnoll
Aim: a gnoll, wielding a +2 spear of venom (moderately wounded)
You freeze the gnoll.
The gnoll is heavily wounded.
Malevolent energies surge around you.
* * * LOW HITPOINT WARNING * * *
You feel very sick. The gnoll closely misses you. The gnoll barely misses you.
Casting: Freeze (safe; 1% risk of failure)
Confirm with . or Enter, or press ? or * to list all spells.
You don't have enough magic to cast this spell.
Unknown command.
You feel better. The gnoll barely misses you.
The gnoll hits you with a +2 spear of venom!
* * * LOW HITPOINT WARNING * * *
You are lethally poisoned!
Okay, then.
Okay, then.
You hit the gnoll.
The gnoll is severely wounded.
* * * LOW HITPOINT WARNING * * *
You feel very sick. The gnoll closely misses you.
The gnoll hits you with a +2 spear of venom.
* * * LOW HITPOINT WARNING * * *
You are more poisoned.
You feel better. The gnoll barely misses you.
The gnoll hits you with a +2 spear of venom.
* * * LOW HITPOINT WARNING * * *
You are lethally poisoned!
Aiming: Freeze (safe; 1% risk of failure)
Press: ? - help, Q - select action, (/) - cycle Shift-Dir - straight line, f/p - gnoll
Aim: a gnoll, wielding a +2 spear of venom (heavily wounded)
You freeze the gnoll.
You kill the gnoll!
Malevolent energies surge around you.
* * * LOW HITPOINT WARNING * * *
You feel sick. The gnoll hits you with a +0 club.
You die...

.# ####.#
#....#
#....##
##.....###
.......?.
####)....#
#..@<...#
#.##g#..#
#. #.# ..#
#. #.. ...
#. ###.
### .. ..
.. .. .#
###


You could see a gnoll.

Vanquished Creatures
  Robin (D:2)
  2 gnolls (D:3)
  An adder (D:2)
  2 dart slugs (D:1)
  2 ball pythons
  5 bats
  8 endoplasms
  5 giant cockroaches (D:2)
  14 goblins
  8 hobgoblins
  11 jackals
  3 quokkas
  3 frilled lizards
  5 kobolds
  3 rats
73 creatures vanquished.

Notes
Turn   | Place    | Note
-------+----------+-------------------------------------------
     0 | D:1      | GeoRichter the Demonspawn Ice Elementalist began the quest
                  | for the Orb.
     0 | D:1      | Reached XP level 1. HP: 13/13 MP: 3/3
   170 | D:1      | Reached skill level 4 in Ice Magic
   170 | D:1      | Gained mutation: Your movements are slightly less
                  | encumbered by armour. (ER -2) [demonic ancestry]
   170 | D:1      | Reached XP level 2. HP: 6/19 MP: 0/5
   601 | D:1      | Gained mutation: Spells you cast may paralyse adjacent
                  | enemies. [demonic ancestry]
   601 | D:1      | Reached XP level 3. HP: 24/24 MP: 1/6
  1054 | D:1      | Found Wiufeag's Antique Weapon Boutique.
  1227 | D:2      | Reached skill level 5 in Ice Magic
  1535 | D:2      | Gained mutation: Spells you cast may paralyse nearby
                  | enemies. [demonic ancestry]
  1535 | D:2      | Reached XP level 4. HP: 30/30 MP: 5/7
  1743 | D:2      | Noticed Robin
  1760 | D:2      | Learned a level 3 spell: Frozen Ramparts
  1764 | D:2      | Learned a level 3 spell: Ozocubu's Armour
  1824 | D:2      | Killed Robin
  2129 | D:2      | Found a runed translucent door.
  2130 | D:2      | Noticed Crazy Yiuf
  2177 | D:3      | Slain by a gnoll

Illustrated notes

Levels and vault maps discovered:
D:1:      lemuel_arrival_muddy, layout_basic, serial_shops, shop
D:2:      layout_basic, minmay_door_square, minmay_three_crescents, uniq_robin,
          uniq_crazy_yiuf_cottage
D:3:      layout_loops_cross, gammafunk_temple_of_torment,
          cheibrodos_sewer_entry_bend, chequers_serial_rivers_small_b

Skill      XL: |  1  2  3 |
---------------+----------+-----
Ice Magic      | 4 5 |  5.6
Dodging        | |  1.7
Stealth        | |  1.7
Spellcasting   | |  2.0

Action                     |  1- 3 |  4- 6 || total
---------------------------+-------+-------++-------
  Melee: Dagger            |    42 |    14 ||    56
         Punch             |     1 |       ||     1
   Cast: Freeze            |    72 |    13 ||    85
         Ozocubu's Armour  |       |     2 ||     2
         Frozen Ramparts   |       |     2 ||     2
    Use: Potion            |     1 |     2 ||     3
         Scroll            |       |     5 ||     5
   Stab: Sleeping          |     2 |       ||     2
         Paralysed         |     6 |     8 ||    14
 Armour: Robe              |    10 |     3 ||    13
  Dodge: Dodged            |    57 |    13 ||    70
